 Dungeon Crawl Stone Soup version 0.24.0-123-gd5b16e6ec5 (webtiles) character file.

Game seed: 8659686635009803781, levelgen mode: deterministic

1518 jakraes the Skirmisher (level 8, -6/96 HPs)
             Began as a Demonspawn Wanderer on Jan 9, 2020.
             Was an Initiate of Nemelex Xobeh.
             Mangled by an orc warrior
             ... wielding a +0 battleaxe
              (17 damage)
             ... on level 6 of the Dungeon.
             The game lasted 00:30:08 (7176 turns).

jakraes the Skirmisher (Demonspawn Wanderer)        Turns: 7176, Time: 00:30:09

Health: -6/96      AC: 24    Str: 16    XL:     8   Next: 54%
Magic:  9/9        EV:  2    Int: 11    God:    Nemelex Xobeh [......]
Gold:   194        SH:  0    Dex: 16    Spells: 7/8 levels left

rFire    . . .     SeeInvis .   n - +2 spear
rCold    . . .     Gourm    +   (no shield)
rNeg     + + +     Faith    .   (armour currently unavailable)
rPois    +         Spirit   .   (helmet currently unavailable)
rElec    .         Reflect  .   (cloak currently unavailable)
rCorr    .         Harm     .   (gloves currently unavailable)
MR       .....     NoTele   +   (boots currently unavailable)
Stlth    ++........             m - amulet of the gourmand
HPRegen  0.26/turn              q - ring of wizardry
MPRegen  0.11/turn              (no ring)

@: tree-form
A: agile 1, deterioration 1
a: Draw Escape, Draw Destruction, Draw Summoning, Renounce Religion


You were on level 6 of the Dungeon.
You worshipped Nemelex Xobeh.
Nemelex Xobeh was noncommittal.
You were very full.
You were a tree.
You visited 1 branch of the dungeon, and saw 6 of its levels.

You collected 329 gold pieces.
You spent 135 gold pieces at shops.

Inventory:

Hand Weapons
 a - a +0 club
 d - a +0 dagger
 l - a +0 mace
 n - a +2 spear (weapon)
Armour
 c - a +4 scale mail (melded)
 j - a scarf of repulsion (melded)
 r - a +0 helmet
 w - a +0 pair of boots
Jewellery
 m - an amulet of the gourmand (around neck)
 q - a ring of wizardry (left branch)
Wands
 t - a wand of paralysis (9)
Scrolls
 g - 5 scrolls of identify
 h - a scroll of random uselessness
 i - 5 scrolls of remove curse
Potions
 e - a potion of lignification
 k - a potion of might
 o - a potion of brilliance
 p - a potion of magic
 u - a potion of flight
Comestibles
 f - 4 rations


   Skills:
 + Level 6.1 Fighting
 + Level 3.1 Short Blades
 + Level 0.2 Maces & Flails
 + Level 5.6 Polearms
 + Level 4.2 Armour
 + Level 3.5 Dodging
 + Level 2.4 Stealth
 + Level 0.7 Spellcasting
 + Level 0.6 Summonings


You had 7 spell levels left.
You knew the following spells:

 Your Spells              Type           Power        Failure   Level  Hunger
a - Summon Small Mammal   Summ           #...         11%         1    ##.....

Your spell library contained the following spells:

 Spells                   Type           Power        Failure   Level  Hunger
 Animate Skeleton         Necr           N/A          13%         1    ##.....
 Apportation              Tloc           #.....       13%         1    ##.....
 Confusing Touch          Hex            #.....       13%         1    ##.....


Dungeon Overview and Level Annotations

Branches:
Dungeon (6/15)             Temple (0/1) D:5

Altars:
Nemelex Xobeh

Shops:
D:6 !


Innate Abilities, Weirdness & Mutations

((You have a pair of antennae on your head.))
((When seriously injured, your bleeding wounds create thick armour. (AC +0)))
You are agile. (Dex +2)
Your body sometimes deteriorates upon taking damage.


Message History

The orc warrior hits you but does no damage.
You hit the orc wizard but do no damage.
The orc wizard is heavily wounded.
The orc wizard hits you but does no damage.
The orc warrior hits you but does no damage.
You hit the orc wizard.
The orc wizard is almost dead.
The orc wizard hits you with a +0 broad axe.
* * * LOW HITPOINT WARNING * * *
You hit the orc wizard but do no damage.
The orc wizard is almost dead.
The orc warrior hits you but does no damage.
You puncture the orc wizard!
You kill the orc wizard!
You cannot move.
You completely miss the orc warrior.
The orc warrior is lightly wounded.
The orc warrior hits you with a +0 battleaxe!
You die...
Your body disappears without a glow.

#............# #.#
..............###.#
......#####.........#
...... #####....(# ......
#.....# ...... #.....#
#.....# ########.....#
.......♣)....#
########o...##
..##.##....############
#.##...................
#.###†##.##################
#........# #.###)#### #)#
.o#


You could see an orc warrior.

Vanquished Creatures
  Edmund (D:6)
  A sky beast (D:6)
  A wolf (D:5)
  A phantom (D:6)
  A bullfrog (D:6)
  3 howler monkeys
  A crimson imp (D:5)
  2 centaur zombies
  A bullfrog zombie (D:6)
  3 orc priests (D:4)
  A jelly (D:5)
  A bullfrog skeleton (D:6)
  A centaur skeleton (D:4)
  4 hounds (D:4)
  An orc wizard (D:6)
  An iguana (D:6)
  5 worker ants
  A worker ant zombie (D:5)
  A gnoll (D:5)
  11 adders
  2 shadow imps
  3 oozes
  5 worms
  4 dart slugs
  8 leopard geckos
  24 orcs
  3 ball pythons
  7 giant cockroaches
  7 goblins
  8 hobgoblins
  3 jackals (D:5)
  11 kobolds
  2 quokkas
  5 bats
  3 frilled lizards
  A leopard gecko skeleton (D:2)
  A quokka skeleton (D:4)
  7 rats
146 creatures vanquished.

Vanquished Creatures (others)
  An orc priest (D:5)
  An orc wizard (D:4)
2 creatures vanquished.

Grand Total: 148 creatures vanquished

Notes
Turn   | Place    | Note
-------+----------+-------------------------------------------
     0 | D:1      | jakraes the Demonspawn Wanderer began the quest for the
                  | Orb.
     0 | D:1      | jakraes set off with the following items: a +0 club, 2
                  | scrolls of teleportation, a +2 scale mail, a +0 dagger, a
                  | ration
     0 | D:1      | Reached XP level 1. HP: 18/18 MP: 1/1
   118 | D:1      | Gained mutation: When seriously injured, your bleeding
                  | wounds create armour. (AC +0) [demonic ancestry]
   118 | D:1      | Reached XP level 2. HP: 18/24 MP: 2/2
   491 | D:1      | Reached XP level 3. HP: 27/30 MP: 3/3
   725 | D:1      | Gained mutation: You have a pair of small antennae on your
                  | head. [potion of mutation]
   725 | D:1      | Gained mutation: Your body sometimes deteriorates upon
                  | taking damage. [potion of mutation]
   725 | D:1      | Gained mutation: You are agile. (Dex +2) [potion of
                  | mutation]
   953 | D:2      | Reached skill level 4 in Fighting
  1159 | D:2      | Reached XP level 4. HP: 19/37 MP: 4/4
  1487 | D:2      | Reached skill level 1 in Polearms
  2050 | D:3      | Mutation became permanent: You have a pair of small
                  | antennae on your head. [demonic ancestry]
  2050 | D:3      | Gained mutation: You have a pair of small antennae on your
                  | head. [demonic ancestry]
  2050 | D:3      | Reached XP level 5. HP: 42/42 MP: 5/5
  2320 | D:3      | Reached skill level 1 in Dodging
  3086 | D:4      | Gained mutation: You have a pair of antennae on your head.
                  | [demonic ancestry]
  3086 | D:4      | Reached XP level 6. HP: 39/49 MP: 6/6
  3404 | D:4      | Reached skill level 5 in Fighting
  3783 | D:4      | Reached XP level 7. HP: 50/56 MP: 7/7
  4366 | D:5      | Entered Level 5 of the Dungeon
  4476 | D:5      | Found a sparkling altar of Nemelex Xobeh.
  4486 | D:5      | Learned a level 1 spell: Summon Small Mammal
  4492 | D:5      | Became a worshipper of Nemelex Xobeh the Trickster
  4499 | D:5      | Received a gift from Nemelex Xobeh
  4512 | D:5      | Found a staircase to the Ecumenical Temple.
  6053 | D:6      | Gained mutation: When seriously injured, your bleeding
                  | wounds create thick armour. (AC +0) [demonic ancestry]
  6053 | D:6      | Reached XP level 8. HP: 64/64 MP: 9/9
  6090 | D:6      | Found Isei's Distillery.
  6095 | D:6      | Bought a potion of curing for 45 gold pieces
  6095 | D:6      | Bought a potion of lignification for 45 gold pieces
  6095 | D:6      | Bought a potion of curing for 45 gold pieces
  6257 | D:6      | Noticed Edmund
  6436 | D:6      | Reached skill level 5 in Polearms
  6600 | D:6      | Received a gift from Nemelex Xobeh
  6684 | D:6      | Killed Edmund
  6684 | D:6      | Reached skill level 6 in Fighting
  7176 | D:6      | Mangled by an orc warrior

Levels and vault maps discovered:
D:1:      ncdulo_lavacross, layout_loops_cross
D:2:      layout_loops_ring
D:3:      layout_loops_corners, st_stairs_6, kennysheep_generic_room_6
D:4:      layout_basic
D:5:      minmay_opposing_rooms, layout_basic, minmay_temple_entry_junction_2,
          basic_altar, first_ration
D:6:      layout_basic, serial_shops, shop, uniq_edmund

Skill      XL: |  1  2  3  4  5  6  7  8 |
---------------+-------------------------+-----
Short Blades   | 3 |  3.1
Fighting       | 4 5 6 |  6.1
Armour         | 2 3 4 |  4.2
Polearms       | 1 2 3 4 5 |  5.6
Stealth        | 2 |  2.4
Dodging        | 1 2 3 |  3.5
Maces & Flails | |  0.2
Spellcasting   | |  0.7
Summonings     | |  0.6

Action                   |  1- 3 |  4- 6 |  7- 9 || total
-------------------------+-------+-------+-------++-------
Melee: Club              |    32 |       |       ||    32
       Spear             |   118 |   335 |   335 ||   788
       Mace              |     3 |       |       ||     3
 Cast: Summon Small Mamm |       |       |     2 ||     2
 Abil: Draw Destruction  |       |       |     3 ||     3
       Draw Escape       |       |       |     1 ||     1
  Use: Scroll            |     7 |     4 |     8 ||    19
       Potion            |     3 |     3 |    10 ||    16
  Eat: Chunk             |     1 |     5 |    14 ||    20
       Ration            |       |     1 |     2 ||     3
Armor: Scale mail        |    89 |   159 |   147 ||   395
       Skin              |       |    37 |    52 ||    89
Dodge: Dodged            |    84 |   163 |   171 ||   418
       Deflected         |     3 |     7 |     5 ||    15
